 Dungeon Crawl Stone Soup version 0.21.1-1-g345015f (webtiles) character file.

160 empire the Covered (level 5, 0/69 HPs)
             Began as a Minotaur Fighter on Apr 18, 2018.
             Succumbed to an adder's poison
             ... on level 3 of the Dungeon.
             The game lasted 00:03:59 (2063 turns).

empire the Covered (Minotaur Fighter)               Turns: 2063, Time: 00:03:59

Health: 0/69       AC: 22    Str: 18 (20) XL:     5   Next: 17%
Magic:  4/4        EV:  2    Int:  4 (5)  God:
Gold:   153        SH:  9    Dex: 10 (11) Spells: 4/4 levels left

rFire    . . .     SeeInvis .   a - +0 long sword
rCold    . . .     Gourm    .   c - +0 shield
rNeg     + + +     Faith    .   (armour currently unavailable)
rPois    +         Spirit   .   (helmet currently unavailable)
rElec    .         Reflect  .   (cloak currently unavailable)
rCorr    .         Harm     .   (gloves currently unavailable)
MR       .....     NoTele   +   (boots currently unavailable)
Stlth    +.........             (no amulet)
HPRegen  0.21/turn              (no ring)
MPRegen  0.09/turn              (no ring)

@: lethally poisoned (0 -> -11), tree-form, hasted, very quick
A: (retaliatory headbutt)
a: no special abilities


You were on level 3 of the Dungeon.
You were very hungry.
You were a tree.
You visited 1 branch of the dungeon, and saw 3 of its levels.

You collected 153 gold pieces.

Inventory:

Hand Weapons
 a - a +0 long sword (weapon)
Missiles
 o - a throwing net (quivered)
Armour
 b - a +0 scale mail (melded)
 c - a +0 shield (worn)
 n - a cursed +0 cloak (melded)
Jewellery
 m - an uncursed ring of positive energy {unknown}
 t - an uncursed ring of resist corrosion {unknown}
Scrolls
 e - 2 scrolls of remove curse {unknown}
 g - 2 scrolls of amnesia {unknown}
 h - 2 scrolls of random uselessness {unknown}
 j - a scroll of immolation {unknown}
 l - 2 scrolls of teleportation {unknown}
 p - a scroll of fog {unknown}
 q - 6 scrolls of identify {unknown}
 s - 3 scrolls of blinking {unknown}
Potions
 d - a potion of might
Comestibles
 f - 7 rations


   Skills:
 + Level 4.2 Fighting
 * Level 4.1 Long Blades
 + Level 1.2 Throwing
 + Level 4.3 Armour
 + Level 1.8 Dodging
 + Level 4.2 Shields


You had 4 spell levels left.
You didn't know any spells.

Dungeon Overview and Level Annotations

Branches:
Dungeon (3/15)

Altars:
Dithmenos
Makhleb
Qazlal


Innate Abilities, Weirdness & Mutations

((You reflexively headbutt those who attack you in melee.))
((You have a pair of horns on your head.))


Message History

The adder poisons you!
It was a potion of haste.
You feel yourself speed up.
* * * LOW HITPOINT WARNING * * *
You feel sick. You block the hornet zombie's attack.
The adder bites you but does no damage.
It was a potion of degeneration.
There was something very wrong with that liquid.
You feel weakened.
You feel dopey.
You feel clumsy.
* * * LOW HITPOINT WARNING * * *
You feel sick.
The hornet zombie hits you but does no damage.
The adder bites you but does no damage.
You hit the adder but do no damage.
The adder is heavily wounded.
* * * LOW HITPOINT WARNING * * *
You feel sick. You block the hornet zombie's attack.
The adder bites you but does no damage.
You closely miss the adder.
The adder is heavily wounded.
You die...

................#######.## #.##.
......##.....#...........# #....
.....÷.÷....###.#####.##.# #.##.
.#######.#.####.###<####.# #.##.
.# ### #.#....#.##...# #.# #.##.
.#######.#########.⌠.###### #.###
...'_'...####...##...##...###....
.###+###...#<.⌠†S##(##..⌠.>######
.# #.# #.####..Z♣##'##')..# #
.###.###.# ######..(..##### #
.........# #....#..⌠.....# #
...###.#.# #.#.##....##### # ####
#...# #.#.##..### # ###.#
#.#.##..# ### # #.###.#.##..# #..
# #...........## #.# #
#####.####...## #.#######


You could see an adder and a hornet zombie.

Vanquished Creatures
  9 adders
  An ooze (D:2)
  A worm (D:3)
  A dart slug (D:2)
  5 leopard geckos
  2 giant cockroaches (D:3)
  8 goblins
  7 hobgoblins
  6 jackals (D:2)
  6 bats
  5 frilled lizards
  8 kobolds
  7 rats
66 creatures vanquished.

Notes
Turn   | Place    | Note
-------+----------+-------------------------------------------
     0 | D:1      | empire the Minotaur Fighter began the quest for the Orb.
     0 | D:1      | Reached XP level 1. HP: 19/19 MP: 0/0
   152 | D:1      | Reached XP level 2. HP: 27/27 MP: 1/1
   611 | D:2      | Reached XP level 3. HP: 30/33 MP: 2/2
   620 | D:2      | Reached skill level 1 in Dodging
   714 | D:2      | Found a stormy altar of Qazlal.
   796 | D:2      | Reached XP level 4. HP: 39/40 MP: 3/3
   907 | D:2      | Found a shadowy altar of Dithmenos.
  1107 | D:2      | Reached skill level 1 in Throwing
  1510 | D:3      | Found a burning altar of Makhleb.
  1669 | D:3      | Reached XP level 5. HP: 35/46 MP: 4/4
  2059 | D:3      | HP: 3/69 [adder (2)]
  2061 | D:3      | HP: 1/69 [poisoned by an adder]
  2063 | D:3      | Succumbed to an adder's poison

Skill      XL: |  1  2  3  4 |
---------------+-------------+-----
Long Blades    | 3 4 |  4.1
Dodging        | 1 |  1.8
Fighting       | 4 |  4.2
Armour         | 4 |  4.3
Shields        | 4 |  4.2
Throwing       | 1 |  1.2

Action                   |  1- 3 |  4- 6 || total
-------------------------+-------+-------++-------
Melee: Long sword        |    90 |    93 ||   183
       Headbutt          |    12 |    14 ||    26
  Use: Potion            |       |     3 ||     3
  Eat: Chunk             |       |     3 ||     3
Armor: Scale mail        |    38 |    48 ||    86
       Skin              |       |     6 ||     6
Dodge: Dodged            |    30 |    36 ||    66
Block: Shield            |    42 |    71 ||   113
       Rpst.: Long sword |    10 |     5 ||    15
